 Dungeon Crawl Stone Soup version 0.30.1-11-g7821555f0a (webtiles) character file.

Game seed: 15389932004593512958

12156 andronian the Carver (level 11, -1/93 HPs)
             Began as a Merfolk Monk on Nov 27, 2023.
             Was a High Priest of the Shining One.
             Slain by a black mamba (13 damage)
             ... on level 3 of the Lair of Beasts.
             The game lasted 00:28:39 (12195 turns).

andronian the Carver (Merfolk Monk)                Turns: 12195, Time: 00:28:40

Health: -1/93      AC: 15    Str: 11    XL:     11   Next: 88%
Magic:  16/16      EV: 14    Int: 10    God:    the Shining One [*****.]
Gold:   1565       SH:  0    Dex: 21    Spells: 10/10 levels left

rFire   . . .        b - +4 scimitar (flame)
rCold   + + .        d - orb {light}
rNeg    + + .        R - +0 acid dragon scales
rPois   .            z - +2 helmet
rElec   .            x - +0 cloak
rCorr   +            r - +2 pair of gloves
SInv    .            G - +0 pair of boots
Will    .....        (no amulet)
Stlth   +            e - ring of protection from cold
HPRegen 0.35/turn    P - ring of protection from cold
MPRegen 0.15/turn

%: no passive effects
@: about to teleport, marked, glowing
A: (nimble swimmer 2), mertail
a: Renounce Religion, Divine Shield, Cleansing Flame, Summon Divine Warrior


You were on level 3 of the Lair of Beasts.
You worshipped the Shining One.
The Shining One was extremely pleased with you.
You visited 3 branches of the dungeon, and saw 13 of its levels.
You also visited: Sewer and Ossuary.

You collected 1565 gold pieces.

Inventory:

Hand Weapons
 a - a +3 long sword of freezing
 b - a +4 scimitar of flaming (weapon)
Missiles
 o - 6 boomerangs (quivered)
 y - 3 curare-tipped darts
 J - 15 poisoned darts
 O - a throwing net
Armour
 d - an orb of light (worn)
 g - +0 steam dragon scales
 r - a +2 pair of gloves (worn)
 x - a +0 cloak (worn)
 z - a +2 helmet (worn)
 G - a +0 pair of boots (worn)
 R - +0 acid dragon scales (worn)
Jewellery
 e - a ring of protection from cold (left hand)
 M - a ring of wizardry
 P - a ring of protection from cold (right hand)
 S - a ring of resist corrosion
Wands
 h - a wand of polymorph (8)
 w - a wand of roots (22)
 K - a wand of digging (5)
 L - a wand of quicksilver (9)
Scrolls
 s - a scroll of poison
 u - 2 scrolls of teleportation
 v - 2 scrolls of magic mapping
 A - 2 scrolls of fog
 C - a scroll of amnesia {unknown}
 E - a scroll of blinking {unknown}
 F - a scroll of fear
 H - 2 scrolls of silence {unknown}
 I - a scroll of summoning {unknown}
 Q - 2 scrolls of identify
Potions
 c - 4 potions of ambrosia
 f - 3 potions of might
 i - 9 potions of curing
 j - 4 potions of degeneration {unknown}
 k - 6 potions of heal wounds
 l - a potion of attraction
 m - a potion of magic
 n - 3 potions of lignification {unknown}
 p - 3 potions of haste
 q - a potion of invisibility
 t - 2 potions of resistance {unknown}
 B - a potion of flight
 D - a potion of brilliance
 N - a potion of cancellation


   Skills:
 + Level 11.2 Fighting
 * Level 14.7 Long Blades
 - Level 6.4 Throwing
 - Level 2.2 Armour
 - Level 5.2 Dodging
 - Level 7.0 Invocations


You had 10 spell levels left.
You didn't know any spells.
Your spell library contained the following spells:

 Spells                   Type           Power      Damage    Failure   Level
 Freeze                   Ice            0%         1d3       50%         1
 Sting                    Tmut/Pois      0%         1d3       50%         1
 Summon Small Mammal      Summ           0%         N/A       50%         1
 Blink                    Tloc           0%         N/A       65%         2
 Lesser Beckoning         Tloc           0%         N/A       65%         2
 Momentum Strike          Conj/Tloc      0%         3d8       65%         2
 Poisonous Vapours        Pois/Air       0%         N/A       65%         2
 Call Canine Familiar     Summ           0%         N/A       86%         3
 Frozen Ramparts          Ice            0%         1d1       86%         3
 Gell's Gravitas          Tloc           0%         N/A       86%         3
 Hailstorm                Conj/Ice       0%         3d3       86%         3
 Summon Guardian Golem    Hex/Summ       0%         N/A       86%         3
 Teleport Other           Tloc           0%         N/A       86%         3
 Volatile Blastmotes      Fire/Tloc      0%         2d10      86%         3
 Fulminant Prism          Conj/Hex       0%         3d5       99%         4
 Ice Form                 Ice/Tmut       0%         N/A       99%         4
 Iskenderun's Mystic Bla  Conj/Tloc      0%         2d3       99%         4
 Olgreb's Toxic Radiance  Pois           0%         N/A       99%         4
 Passage of Golubria      Tloc           0%         N/A       99%         4
 Summon Ice Beast         Ice/Summ       0%         N/A       99%         4
 Lee's Rapid Deconstruct  Erth           0%         3d4*      100%        5
 Silence                  Hex/Air        0%         N/A       100%        5
 Summon Forest            Summ/Tloc      0%         N/A       100%        5
 Summon Mana Viper        Hex/Summ       0%         N/A       100%        5
 Dispersal                Tloc           0%         N/A       100%        6
 Simulacrum               Ice/Necr       0%         N/A       100%        6
 Summon Cactus Giant      Summ           0%         N/A       100%        6
 Lehudib's Crystal Spear  Conj/Erth      0%         10d2      100%        8


Dungeon Overview and Level Annotations

Branches:
Dungeon (9/15)             Temple (1/1) D:7            Lair (3/5) D:9
  Swamp (0/4) Lair:2        Sewer (visited)         Ossuary (visited)
  Snake: Lair:2-3    Spider: Lair:2-3       Orc: D:9-12

Altars:
Ashenzari
Cheibriados
Dithmenos
Elyvilon
Fedhas
Gozag
Hepliaklqana
Kikubaaqudgha
Makhleb
Nemelex Xobeh
Okawaru
Qazlal
Ru
Sif Muna
Uskayaw
Vehumet
Xom
Yredelemnul
Zin
The Shining One

Shops:
D:5 ::

Annotations:
D:8 3 runed translucent doors, Dalek's ghost, novice TrGl


Innate Abilities, Weirdness & Mutations

((You are very nimble when in or above water. (Stealth+, EV+, Speed+++)))
Your lower body shifts to a powerful aquatic tail in water.


Message History

You feel very sick.
A killer bee comes into view.
The killer bee stings the fungus!
A killer bee comes into view.
The killer bee stings the fungus.
The bullfrog misses you.
A wolf comes into view.
The cane toad barely misses you. The black mamba barely misses you.
The killer bee stings the fungus. x2
A killer bee comes into view.
Your surroundings seem slightly different.
You feel very sick.
You feel very sick.
A nearby fungus withers and dies.
You feel very sick.
You feel sick.
You feel sick.
You feel sick.
The cane toad stings the plant!
The plant begins to die.
You feel sick.
The cane toad stings the plant!
You feel sick.
You feel sick.
A killer bee comes into view.
The bullfrog hits the plant.
The black mamba bites you but does no damage.
The killer bee closely misses you.
The killer bee attacks as you move away!
The killer bee stings you but does no damage.
The black mamba attacks as you move away!
The black mamba bites you but does no damage.
You feel sick.
You are no longer poisoned.
A nearby plant withers and dies.
The black mamba closely misses you. The killer bee closely misses you.
A wolf comes into view.
As you read the scroll of teleportation, it crumbles to dust.
You feel strangely unstable. The killer bee barely misses you.
A killer bee comes into view.
The black mamba bites you!
* * * LOW HITPOINT WARNING * * *
The killer bee barely misses you. The black mamba bites you!
You die...

..#†......#..#
.#...y...y...# #
.#.......#yh.### .
.........##y.yP#### .#
...........F..F...##.#
..........h..y.......#
..............yy....##
.........P##...S#...#
##P#.....###..#y@#.##
##..... #..P#### # ...
##... #... #..


You could see a black mamba, a cane toad, 2 wolves, a bullfrog and 8 killer
bees.

Vanquished Creatures
  Harold (Lair:1)
  Erica (D:8)
  3 cane toads
  Maggie (Lair:2)
  A komodo dragon (Lair:2)
  A rime drake (Lair:2)
  2 kobold demonologists
  A hornet (D:9)
  Sigmund (D:4)
  15 yaks
  2 wyverns
  A steam dragon (Lair:2)
  Edmund (D:4)
  An acid dragon (D:9)
  Duvessa (D:4)
  4 water moccasins
  3 orc warriors (D:9)
  2 ice beasts (D:8)
  A sky beast (D:7)
  15 wolves
  An ogre (D:7)
  3 centaurs
  3 phantoms
  5 kobold brigands
  A gnoll sergeant (D:7)
  7 bullfrogs
  3 scorpions
  4 wights (D:8)
  Dowan (D:4)
  3 jellies
  An electric eel (Lair:2)
  4 howler monkeys
  A centaur zombie (Ossuary)
  A human zombie (Ossuary)
  A gnoll bouda (D:5)
  2 hounds
  8 orc priests
  4 iguanas
  3 iron imps (D:9)
  3 sleepcaps
  7 orc wizards
  2 mummies (Ossuary)
  16 gnolls
  9 adders
  3 shadow imps
  3 white imps
  2 ufetubi
  3 adder zombies (Ossuary)
  4 worms
  A dart slug (D:2)
  27 orcs
  9 ball pythons
  4 bats
  9 endoplasms
  3 giant cockroaches
  5 goblins
  5 hobgoblins
  2 jackals (D:3)
  4 quokkas
  A frilled lizard (D:1)
  9 hobgoblin zombies (Ossuary)
  4 jackal zombies (Ossuary)
  29 kobolds
  11 kobold zombies (Ossuary)
  8 orc zombies (Ossuary)
  13 rats
310 creatures vanquished.

Notes
Turn   | Place    | Note
-------+----------+-------------------------------------------
     0 | D:1      | andronian the Merfolk Monk began the quest for the Orb.
     0 | D:1      | Reached XP level 1. HP: 18/18 MP: 1/1
    86 | D:1      | Found a faded altar of an unknown god.
    93 | D:1      | Reached XP level 2. HP: 24/24 MP: 2/2
    98 | D:1      | Reached skill level 4 in Long Blades
   479 | D:1      | Reached XP level 3. HP: 28/29 MP: 3/3
   802 | D:2      | Identified the +5 dagger of Resourcefulness {drain, Str+6}
  1222 | D:3      | Reached XP level 4. HP: 31/37 MP: 4/4
  1386 | D:3      | Reached skill level 5 in Long Blades
  1629 | D:3      | Found a glowing silver altar of Zin.
  1984 | D:4      | Noticed Sigmund
  1985 | D:4      | Identified a scroll of acquirement
  1985 | D:4      | Acquired 890 gold pieces
  2141 | D:4      | Found a glowing golden altar of the Shining One.
  2266 | D:4      | Reached skill level 5 in Dodging
  2285 | D:4      | Found a glowing drain.
  2289 | Sewer    | Entered a sewer
  2297 | Sewer    | Reached XP level 5. HP: 38/42 MP: 5/5
  2535 | Sewer    | Noticed a kobold brigand
  2535 | Sewer    | Noticed a kobold brigand
  2603 | D:4      | Became a worshipper of the Shining One
  2603 | D:4      | Reached * piety under the Shining One
  2603 | D:4      | Reached ** piety under the Shining One
  2672 | D:4      | Found a sand-covered staircase.
  2680 | Ossuary  | Entered an ossuary
  2760 | Ossuary  | Reached *** piety under the Shining One
  2840 | Ossuary  | Reached **** piety under the Shining One
  2849 | Ossuary  | Reached skill level 1 in Armour
  2867 | Ossuary  | Reached XP level 6. HP: 25/49 MP: 6/6
  3168 | D:4      | Reached skill level 6 in Long Blades
  3202 | D:4      | Killed Sigmund
  3203 | D:4      | Reached XP level 7. HP: 23/55 MP: 7/7
  3380 | D:4      | Reached skill level 5 in Fighting
  3380 | D:4      | Reached skill level 7 in Long Blades
  3380 | D:4      | Noticed Edmund
  3405 | D:4      | Killed Edmund
  3539 | D:4      | Noticed Dowan
  3540 | D:4      | Noticed Duvessa
  3547 | D:4      | Killed Dowan
  3557 | D:4      | Killed Duvessa
  3558 | D:4      | Reached skill level 8 in Long Blades
  3558 | D:4      | Reached XP level 8. HP: 39/64 MP: 8/8
  4315 | D:5      | Entered Level 5 of the Dungeon
  4391 | D:4      | Reached skill level 9 in Long Blades
  4592 | D:5      | Found Puenijo's Tiny Tomes.
  4642 | D:5      | Noticed a yak
  4642 | D:5      | Noticed a yak
  4642 | D:5      | Noticed a yak
  4653 | D:5      | Killed a yak
  4654 | D:5      | Reached skill level 1 in Invocations
  4660 | D:5      | Killed a yak
  4671 | D:5      | Killed a yak
  4806 | D:5      | Reached XP level 9. HP: 61/72 MP: 11/11
  5124 | D:5      | Found Kifin's Book Shop.
  5124 | D:5      | Noticed a walking frostbound tome
  5125 | D:5      | Noticed a walking divine tome
  5154 | D:5      | Reached skill level 10 in Long Blades
  6002 | D:6      | Reached skill level 5 in Invocations
  6067 | D:6      | Identified the +7 short sword of Cheibriados's Esteem
                  | {chaos, rElec Str+3 Int+2}
  6146 | D:6      | Found a large runed translucent door.
  6147 | D:6      | Found a large runed translucent door.
  6147 | D:6      | Found a shimmering altar of Xom.
  6287 | D:6      | Noticed a kobold demonologist
  6305 | D:6      | Noticed a sixfirhy
  6313 | D:6      | Killed a kobold demonologist
  7208 | D:7      | Reached skill level 1 in Throwing
  7224 | D:7      | Reached skill level 11 in Long Blades
  7224 | D:7      | Reached XP level 10. HP: 75/81 MP: 15/15
  7372 | D:7      | Found a shadowy altar of Dithmenos.
  7598 | D:7      | Found a sacrificial altar of Ru.
  7710 | D:7      | Found a staircase to the Ecumenical Temple.
  7734 | Temple   | Entered the Ecumenical Temple
  8203 | D:8      | Found a blossoming altar of Fedhas.
  8284 | D:8      | Noticed Erica
  8290 | D:8      | Killed Erica
  8531 | D:8      | Found a runed translucent gate.
  8531 | D:8      | Found a runed translucent gate.
  8531 | D:8      | Found a runed translucent gate.
  8532 | D:8      | Noticed Dalek's ghost (novice TrGl)
  8534 | D:8      | Noticed a kobold demonologist
  8567 | D:8      | Reached skill level 5 in Throwing
  8613 | D:8      | Reached ***** piety under the Shining One
  8681 | D:9      | Found a shimmering altar of Xom.
  8682 | D:9      | Found a hazy altar of Hepliaklqana.
  8683 | D:9      | Noticed a spectral ugly thing
  8978 | D:9      | Found a staircase to the Lair.
  9076 | D:9      | Noticed a kobold demonologist
  9101 | D:9      | Killed a kobold demonologist
  9179 | D:9      | Reached skill level 12 in Long Blades
  9407 | D:9      | Found a burning altar of Makhleb.
  9861 | Lair:1   | Entered Level 1 of the Lair of Beasts
  9895 | Lair:1   | Reached XP level 11. HP: 90/90 MP: 16/16
  9897 | Lair:1   | Found an iron altar of Okawaru.
 10007 | Lair:1   | Noticed Harold
 10056 | Lair:1   | Killed Harold
 10057 | Lair:1   | Reached skill level 10 in Fighting
 10207 | Lair:1   | Reached skill level 13 in Long Blades
 10792 | Lair:2   | Noticed Maggie
 10800 | Lair:2   | Killed Maggie
 11238 | Lair:2   | Found a staircase to the Swamp.
 11407 | Lair:2   | Reached skill level 14 in Long Blades
 12195 | Lair:3   | Slain by a black mamba

Illustrated notes

Levels and vault maps discovered:
D:1:      tarquinn_simple_flora_water_c, layout_loops_ring,
          basic_ecumenical_altar
D:2:      layout_loops_ring
D:3:      layout_loops_cross, zin_statuary, st_stairs_7
D:4:      layout_gridville, tso_metal_star, gup_sewer_entry_spiral,
          nicolae_ossuary_entry_plus, uniq_duvessa, uniq_sigmund, uniq_edmund
D:5:      layout_rooms, serial_shops, nicolae_shop_mannequins,
          nicolae_shop_i_like_small_books_too
D:6:      due_chaos_kobolds, layout_basic
D:7:      layout_cave_pools, kennysheep_mini, nicolae_ru_path_of_blood,
          minmay_temple_entry_nine_rooms
D:8:      layout_basic, mainiacjoe_overflow_paths,
          gammafunk_ghost_nasty_kobolds, uniq_erica
D:9:      layout_irregular_city, demons_altar, regret_index_temple_of_mockery,
          lair_entry_dummy
Temple:   nicolae_temple_godzebo
Lair:1:   layout_regular_city, serial_bayou, serial_bayou_pond_b,
          serial_bayou_pond_e, serial_bayou_lagoon_a, serial_bayou_pond_a,
          serial_bayou_shore_b, serial_bayou_crossing, basic_altar,
          lemuel_fruit_fields, uniq_harold
Lair:2:   layout_regular_city, swamp_mist_pool, grunt_megastairs_4,
          lemuel_fruit_tree, serial_bayou_shore_a, uniq_maggie
Lair:3:   regret_index_harrowing_hell_hive, layout_regular_city,
          nicolae_snake_entry_squirm, enter_volcano_2, serial_bayou_pond_a,
          nicolae_quartered_pool_medium

Skill      XL: |  1  2  3  4  5  6  7  8  9 10 11 |
---------------+----------------------------------+-----
Long Blades    | 4 5 6 8 9 11 12 14 | 14.7
Fighting       | 4 5 7 8 9 11 | 11.2
Dodging        | 5 |  5.2
Armour         | 1 2 |  2.2
Invocations    | 3 7 |  7.0
Throwing       | 1 6 |  6.4

Action                     |  1- 3 |  4- 6 |  7- 9 | 10-12 || total
---------------------------+-------+-------+-------+-------++-------
  Melee: Falchion          |    81 |   251 |   436 |    71 ||   839
         Tailslap          |       |     6 |       |     4 ||    10
         Scimitar          |       |       |       |   206 ||   206
         Long sword        |       |       |       |    15 ||    15
  Throw: Boomerang         |       |     8 |    42 |    21 ||    71
         Dart              |       |     2 |     8 |     7 ||    17
 Invoke: Divine Shield     |       |     1 |     4 |     1 ||     6
         Cleansing Flame   |       |       |     2 |       ||     2
  Evoke: Wand              |       |       |       |     6 ||     6
    Use: Scroll            |       |     9 |     5 |     8 ||    22
         Potion            |       |     1 |     3 |       ||     4
   Stab: Sleeping          |     1 |       |       |       ||     1
 Armour: Robe              |     7 |    15 |       |       ||    22
         Ring mail         |       |    72 |   176 |    43 ||   291
         Acid dragon scale |       |       |       |    59 ||    59
  Dodge: Dodged            |    63 |   188 |   243 |   168 ||   662
  Block: Orb               |       |     9 |    22 |     6 ||    37
